[ AOE2 MATCH · #506039565 ]
UnrankedSpanish vs Teutons
Player's team · LOSS
Rival team · WIN
[ REPLAY ANALYSIS · EXTRACTED FROM THE RECORDED GAME ]
Feudal
9:23
Castle
—
Imperial
—
| APM avg | 58.4 |
| APM peak | 84 |
| eAPM avg | 28.6 |
| Villagers / military | 42 / 18 |
Focus
⚔️ 35.3% · 🌾 64.7%
Archer ×17 · Scout Cavalry ×1
Feudal
8:52
Castle
—
Imperial
—
| APM avg | 67.7 |
| APM peak | 99 |
| eAPM avg | 35.3 |
| Villagers / military | 73 / 14 |
Focus
⚔️ 35.7% · 🌾 64.3%
Spearman ×8 · Skirmisher ×5 · Archer ×1
Match map
Initial resources + every placement click. Lines = walls · curves = elevation contours. ◆ gold · ⬟ stone · ● berries · ✦ relic · ◌ wall gap
Your base· Open — unwalled flank
Macuahuitil_MX's base· Open — unwalled flank
Smoothed initial terrain · ◌ = detected wall gap · hover for details
Inputs per minute
— NHN Forever - - Macuahuitil_MX
Build order — NHN Forever
109 actions detected in the replay
| 0:03 | Queue | Villager (Male) |
| 0:04 | Queue | Villager (Male) |
| 0:04 | Queue | Villager (Male) |
| 0:05 | Build | House |
| 0:06 | Build | House |
| 0:19 | Queue | Villager (Male) |
| 1:34 | Queue | Villager (Male) |
| 1:42 | Queue | Villager (Male) |
| 1:50 | Build | Lumber Camp |
| 2:09 | Queue | Villager (Male) |
| 2:42 | Queue | Villager (Male) |
| 3:25 | Queue | Villager (Male) |
| 3:41 | Queue | Villager (Male) |
| 3:55 | Build | House |
| 4:02 | Queue | Villager (Male) |
| 4:22 | Build | Mill |
| 4:27 | Queue | Villager (Male) |
| 5:05 | Queue | Villager (Male) |
| 5:06 | Queue | Villager (Male) |
| 5:22 | Research | Loom |
| 5:28 | Queue | Villager (Male) |
| 5:30 | Queue | Villager (Male) |
| 5:52 | Queue | Villager (Male) |
| 6:28 | Research | Loom |
| 6:34 | Queue | Villager (Male) |
| 6:35 | Research | Loom |
| 7:13 | Research | Feudal Age |
| 7:19 | Build | Mining Camp |
| 8:06 | Queue | Villager (Male) |
| 8:29 | Build | Barracks |
| 9:23 | Age | Feudal Age |
| 10:38 | Queue | Villager (Male) |
| 10:39 | Queue | Villager (Male) |
| 11:01 | Build | Outpost |
| 11:29 | Queue | Villager (Male) |
| 11:32 | Build | Watch Tower |
| 12:12 | Build | Blacksmith |
| 12:22 | Queue | Villager (Male) |
| 12:22 | Queue | Villager (Male) |
| 12:23 | Queue | Villager (Male) |
| 12:26 | Build | House |
| 12:37 | Research | Fletching |
| 12:42 | Build | House |
| 14:04 | Build | Farm |
| 14:05 | Build | Farm |
| 14:15 | Build | Stable |
| 14:18 | Queue | Villager (Male) |
| 15:05 | Queue | Scout Cavalry |
| 15:22 | Build | Farm |
| 15:59 | Build | Lumber Camp |
| 16:11 | Queue | Villager (Male) |
| 16:13 | Queue | Villager (Male) |
| 16:48 | Queue | Villager (Male) |
| 16:58 | Build | Farm |
| 17:19 | Build | Palisade Wall |
| 17:20 | Build | Palisade Wall |
| 17:23 | Queue | Villager (Male) |
| 17:33 | Queue | Villager (Male) |
| 18:11 | Build | Farm |
| 18:11 | Queue | Villager (Male) |
| 18:13 | Build | Farm |
| 18:16 | Build | Farm |
| 18:18 | Build | House |
| 19:03 | Queue | Villager (Male) |
| 19:24 | Build | Palisade Wall |
| 19:26 | Build | Palisade Wall |
| 19:38 | Build | Palisade Wall |
| 19:42 | Queue | Villager (Male) |
| 19:58 | Queue | Villager (Male) |
| 20:08 | Build | Archery Range |
| 20:19 | Build | Palisade Wall |
| 20:21 | Build | Palisade Wall |
| 20:24 | Build | Palisade Wall |
| 20:26 | Build | Palisade Wall |
| 20:46 | Queue | Archer |
| 20:46 | Queue | Archer |
| 20:46 | Queue | Archer |
| 20:59 | Build | Mining Camp |
| 21:57 | Queue | Archer |
| 21:57 | Queue | Archer |
| 23:01 | Build | Farm |
| 23:10 | Queue | Archer |
| 23:10 | Queue | Archer |
| 23:11 | Queue | Archer |
| 23:20 | Build | Blacksmith |
| 23:32 | Build | Market |
| 24:06 | Build | Outpost |
| 24:10 | Queue | Archer |
| 24:10 | Queue | Archer |
| 24:32 | Build | House |
| 24:51 | Queue | Archer |
| 24:51 | Queue | Archer |
| 25:34 | Queue | Archer |
| 25:36 | Queue | Villager (Male) |
| 25:37 | Queue | Villager (Male) |
| 25:43 | Build | Outpost |
| 25:51 | Queue | Villager (Male) |
| 25:55 | Build | Farm |
| 26:10 | Queue | Archer |
| 26:36 | Queue | Villager (Male) |
| 26:48 | Queue | Archer |
| 26:48 | Queue | Archer |
| 26:49 | Queue | Archer |
| 26:56 | Build | House |
| 27:01 | Build | Outpost |
| 27:39 | Research | Padded Archer Armor |
| 27:51 | Queue | Villager (Male) |
| 28:24 | Queue | Villager (Male) |
| 28:25 | Queue | Villager (Male) |
Build order — Macuahuitil_MX
First 150 of 206 actions detected
| 0:01 | Queue | Villager (Male) |
| 0:01 | Queue | Villager (Male) |
| 0:02 | Queue | Villager (Male) |
| 0:02 | Queue | Villager (Male) |
| 0:02 | Build | House |
| 0:04 | Build | House |
| 1:25 | Queue | Villager (Male) |
| 2:04 | Queue | Villager (Male) |
| 2:04 | Queue | Villager (Male) |
| 2:14 | Queue | Villager (Male) |
| 2:42 | Build | Lumber Camp |
| 2:49 | Queue | Villager (Male) |
| 2:49 | Queue | Villager (Male) |
| 2:49 | Queue | Villager (Male) |
| 3:02 | Queue | Villager (Male) |
| 3:38 | Build | House |
| 3:43 | Queue | Villager (Male) |
| 3:52 | Queue | Villager (Male) |
| 3:53 | Queue | Villager (Male) |
| 4:19 | Queue | Villager (Male) |
| 4:51 | Build | Mill |
| 5:52 | Queue | Villager (Male) |
| 6:11 | Research | Loom |
| 6:40 | Research | Feudal Age |
| 6:40 | Research | Feudal Age |
| 7:46 | Build | Mining Camp |
| 8:13 | Build | Palisade Wall |
| 8:45 | Queue | Villager (Male) |
| 8:51 | Build | House |
| 8:52 | Age | Feudal Age |
| 8:57 | Build | Watch Tower |
| 9:08 | Queue | Villager (Male) |
| 9:08 | Queue | Villager (Male) |
| 9:11 | Queue | Villager (Male) |
| 9:12 | Queue | Villager (Male) |
| 10:00 | Queue | Villager (Male) |
| 10:40 | Queue | Villager (Male) |
| 10:52 | Queue | Villager (Male) |
| 10:54 | Queue | Villager (Male) |
| 10:58 | Build | Watch Tower |
| 11:00 | Build | House |
| 11:02 | Build | House |
| 11:05 | Build | Palisade Wall |
| 11:12 | Build | Palisade Wall |
| 11:14 | Build | Palisade Wall |
| 11:15 | Build | Palisade Wall |
| 11:16 | Build | Palisade Wall |
| 11:17 | Build | Palisade Wall |
| 11:19 | Build | Palisade Wall |
| 11:38 | Build | House |
| 12:00 | Queue | Villager (Male) |
| 12:10 | Build | Palisade Wall |
| 12:36 | Queue | Villager (Male) |
| 13:19 | Queue | Villager (Male) |
| 13:19 | Queue | Villager (Male) |
| 13:53 | Queue | Villager (Male) |
| 13:53 | Queue | Villager (Male) |
| 13:54 | Queue | Villager (Male) |
| 14:15 | Queue | Villager (Male) |
| 14:15 | Queue | Villager (Male) |
| 14:24 | Build | Palisade Wall |
| 14:31 | Build | Watch Tower |
| 14:31 | Queue | Villager (Male) |
| 14:33 | Build | Palisade Wall |
| 14:55 | Queue | Villager (Male) |
| 15:00 | Queue | Villager (Male) |
| 15:00 | Queue | Villager (Male) |
| 15:08 | Build | Watch Tower |
| 15:10 | Build | House |
| 15:14 | Build | Palisade Wall |
| 15:27 | Queue | Villager (Male) |
| 15:27 | Queue | Villager (Male) |
| 15:30 | Research | Town Watch |
| 15:30 | Research | Town Watch |
| 15:35 | Queue | Villager (Male) |
| 15:38 | Build | Blacksmith |
| 15:49 | Build | Barracks |
| 15:53 | Queue | Villager (Male) |
| 16:09 | Queue | Villager (Male) |
| 16:10 | Queue | Villager (Male) |
| 16:15 | Queue | Spearman |
| 16:15 | Queue | Spearman |
| 16:22 | Queue | Villager (Male) |
| 16:44 | Queue | Villager (Male) |
| 16:44 | Queue | Villager (Male) |
| 16:56 | Queue | Spearman |
| 16:58 | Build | Outpost |
| 17:03 | Build | Farm |
| 17:03 | Build | Farm |
| 17:04 | Build | Farm |
| 17:04 | Build | Farm |
| 17:04 | Build | Farm |
| 17:16 | Build | Watch Tower |
| 17:26 | Build | Palisade Wall |
| 17:27 | Build | Palisade Wall |
| 17:29 | Build | Palisade Wall |
| 17:30 | Build | Palisade Wall |
| 17:34 | Build | Palisade Wall |
| 17:44 | Build | Stone Wall |
| 18:00 | Build | Farm |
| 18:01 | Build | Farm |
| 18:01 | Build | Farm |
| 18:01 | Build | Farm |
| 18:05 | Build | House |
| 18:10 | Queue | Villager (Male) |
| 18:23 | Build | House |
| 18:24 | Queue | Villager (Male) |
| 18:30 | Queue | Spearman |
| 18:30 | Queue | Spearman |
| 18:42 | Build | Stone Wall |
| 18:42 | Build | Stone Wall |
| 18:43 | Build | Stone Wall |
| 18:44 | Build | Stone Wall |
| 19:08 | Queue | Villager (Male) |
| 19:18 | Queue | Villager (Male) |
| 19:22 | Build | Outpost |
| 19:26 | Build | House |
| 19:31 | Queue | Spearman |
| 19:35 | Build | Watch Tower |
| 19:35 | Queue | Villager (Male) |
| 19:51 | Build | Blacksmith |
| 20:05 | Queue | Villager (Male) |
| 20:05 | Queue | Villager (Male) |
| 20:26 | Build | Outpost |
| 20:27 | Queue | Villager (Male) |
| 20:49 | Build | Watch Tower |
| 21:02 | Build | Outpost |
| 21:09 | Build | Palisade Wall |
| 21:19 | Queue | Villager (Male) |
| 21:34 | Queue | Spearman |
| 21:37 | Build | Farm |
| 21:37 | Build | Farm |
| 21:37 | Build | Farm |
| 21:37 | Build | Farm |
| 21:38 | Build | Farm |
| 21:40 | Build | Farm |
| 21:40 | Build | Farm |
| 21:40 | Build | Farm |
| 21:41 | Build | Farm |
| 21:41 | Build | Farm |
| 21:57 | Queue | Spearman |
| 22:06 | Build | Stone Wall |
| 22:08 | Build | Stone Wall |
| 22:09 | Build | Stone Wall |
| 22:19 | Build | Stone Wall |
| 22:24 | Queue | Villager (Male) |
| 22:36 | Queue | Villager (Male) |
| 22:36 | Queue | Villager (Male) |
| 22:39 | Queue | Villager (Male) |
| 22:39 | Queue | Villager (Male) |
Match timeline
| 8:13 | Macuahuitil_MX · wall_segment Palisade Wall x1 |
| 8:29 | NHN Forever · first_building Barracks |
| 8:52 | Macuahuitil_MX · age_up feudal |
| 9:23 | NHN Forever · age_up feudal |
| 11:05 | Macuahuitil_MX · wall_segment Palisade Wall x1 |
| 11:12 | Macuahuitil_MX · wall_segment Palisade Wall x1 |
| 11:14 | Macuahuitil_MX · wall_segment Palisade Wall x1 |
| 11:15 | Macuahuitil_MX · wall_segment Palisade Wall x1 |
| 11:16 | Macuahuitil_MX · wall_segment Palisade Wall x1 |
| 11:17 | Macuahuitil_MX · wall_segment Palisade Wall x1 |
| 11:19 | Macuahuitil_MX · wall_segment Palisade Wall x1 |
| 12:10 | Macuahuitil_MX · wall_segment Palisade Wall x1 |
| 14:15 | NHN Forever · first_building Stable |
| 14:24 | Macuahuitil_MX · wall_segment Palisade Wall x1 |
| 14:33 | Macuahuitil_MX · wall_segment Palisade Wall x1 |
| 15:14 | Macuahuitil_MX · wall_segment Palisade Wall x1 |
| 15:49 | Macuahuitil_MX · first_building Barracks |
| 17:19 | NHN Forever · wall_segment Palisade Wall x1 |
| 17:20 | NHN Forever · wall_segment Palisade Wall x1 |
| 17:26 | Macuahuitil_MX · wall_segment Palisade Wall x1 |
| 17:27 | Macuahuitil_MX · wall_segment Palisade Wall x1 |
| 17:29 | Macuahuitil_MX · wall_segment Palisade Wall x1 |
| 17:30 | Macuahuitil_MX · wall_segment Palisade Wall x1 |
| 17:34 | Macuahuitil_MX · wall_segment Palisade Wall x1 |
| 17:44 | Macuahuitil_MX · wall_segment Stone Wall x1 |
| 18:42 | Macuahuitil_MX · wall_segment Stone Wall x1 |
| 18:42 | Macuahuitil_MX · wall_segment Stone Wall x1 |
| 18:43 | Macuahuitil_MX · wall_segment Stone Wall x1 |
| 18:44 | Macuahuitil_MX · wall_segment Stone Wall x1 |
| 19:24 | NHN Forever · wall_segment Palisade Wall x1 |
| 19:26 | NHN Forever · wall_segment Palisade Wall x1 |
| 19:38 | NHN Forever · wall_segment Palisade Wall x1 |
| 20:08 | NHN Forever · first_building Archery Range |
| 20:19 | NHN Forever · wall_segment Palisade Wall x1 |
| 20:21 | NHN Forever · wall_segment Palisade Wall x1 |
| 20:24 | NHN Forever · wall_segment Palisade Wall x1 |
| 20:26 | NHN Forever · wall_segment Palisade Wall x1 |
| 21:09 | Macuahuitil_MX · wall_segment Palisade Wall x1 |
| 22:06 | Macuahuitil_MX · wall_segment Stone Wall x1 |
| 22:08 | Macuahuitil_MX · wall_segment Stone Wall x1 |
| 22:09 | Macuahuitil_MX · wall_segment Stone Wall x1 |
| 22:19 | Macuahuitil_MX · wall_segment Stone Wall x1 |
| 23:06 | Macuahuitil_MX · wall_segment Stone Wall x1 |
| 23:07 | Macuahuitil_MX · wall_segment Stone Wall x1 |
| 23:08 | Macuahuitil_MX · wall_segment Stone Wall x1 |
| 23:08 | Macuahuitil_MX · wall_segment Stone Wall x1 |
| 23:09 | Macuahuitil_MX · wall_segment Stone Wall x1 |
| 23:09 | Macuahuitil_MX · wall_segment Stone Wall x1 |
| 23:10 | Macuahuitil_MX · wall_segment Stone Wall x1 |
| 24:02 | Macuahuitil_MX · wall_segment Stone Wall x1 |
| 24:02 | Macuahuitil_MX · wall_segment Stone Wall x1 |
| 24:03 | Macuahuitil_MX · wall_segment Stone Wall x1 |
| 24:04 | Macuahuitil_MX · wall_segment Stone Wall x1 |
| 24:04 | Macuahuitil_MX · wall_segment Stone Wall x1 |
| 24:05 | Macuahuitil_MX · wall_segment Stone Wall x1 |
| 24:05 | Macuahuitil_MX · wall_segment Stone Wall x1 |
| 24:24 | Macuahuitil_MX · wall_segment Stone Wall x1 |
| 24:24 | Macuahuitil_MX · wall_segment Stone Wall x1 |
| 24:25 | Macuahuitil_MX · wall_segment Stone Wall x1 |
| 24:25 | Macuahuitil_MX · wall_segment Stone Wall x1 |
| 25:01 | Macuahuitil_MX · first_building Archery Range |
| 25:08 | Macuahuitil_MX · wall_segment Stone Wall x1 |
| 25:09 | Macuahuitil_MX · wall_segment Stone Wall x1 |
| 25:18 | Macuahuitil_MX · wall_segment Stone Wall x1 |
| 26:02 | Macuahuitil_MX · wall_segment Stone Wall x1 |
| 27:37 | NHN Forever · first_market_buy 100 food |
| 28:34 | NHN Forever · resign |
[ AI ANALYSIS · 1 CREDIT ]
What really happened in this match?
Wolo.gg analyzes every decision: build order, eco, micro, common mistakes by bracket. Personalized analysis on WhatsApp or Discord in 30 seconds.
Civ guide
Spanish
Perfil
Jugador #15779222